 Dungeon Crawl Stone Soup version 0.26-a0-466-g989023bd0d (webtiles) character file.

Game seed: 8154006614594735607

239591 mortelune the Fencer (level 20, -2/170 HPs)
             Began as a Formicid Abyssal Knight on Aug 4, 2020.
             Was the Champion of Lugonu.
             Slain by Asterion
             ... wielding a +2 vorpal broad axe
              (3 damage)
             ... on level 3 of the Snake Pit on Aug 5, 2020.
             The game lasted 02:13:12 (48928 turns).

mortelune the Fencer (Formicid Abyssal Knight)     Turns: 48928, Time: 02:13:12

Health: -2/170     AC: 21    Str: 25    XL:     20   Next: 55%
Magic:  0/32       EV: 17    Int: 18    God:    Lugonu [******]
Gold:   1799       SH: 17    Dex: 11    Spells: 19/19 levels left

rFire    + . .     SeeInvis +   b - +9 triple sword (distort)
rCold    + . .     Faith    .   S - +0 tower shield
rNeg     . . .     Spirit   +   c - +0 swamp dragon scales
rPois    +         Reflect  .   (helmet unavailable)
rElec    +         Harm     .   (no cloak)
rCorr    +                      k - +2 pair of gloves {archery}
MR       +++..                  N - +1 pair of boots {Fly}
Stlth    ..........             G - amulet of guardian spirit
HPRegen  0.38/turn              y - ring of Joing {MR+ Int+6}
MPRegen  0.23/turn              t - +4 ring of evasion

@: liquid flames, resistant, flying, glowing
A: permanent stasis, dig shafts and tunnels, four strong arms, antennae 3,
rugged brown scales 1, yellow scales 1
}: 1/15 runes: decaying
a: Dig, Shaft Self, Depart the Abyss, Bend Space, Banish, Corrupt, Enter the
Abyss, Renounce Religion, Stop Flying


You were on level 3 of the Snake Pit.
You worshipped Lugonu.
Lugonu was exalted by your worship.
You visited 5 branches of the dungeon, and saw 30 of its levels.
You visited the Abyss 1 time.
You also visited: Ossuary, Bailey, Gauntlet and Ice Cave.

You collected 3169 gold pieces.
You spent 1370 gold pieces at shops.

Inventory:

Hand Weapons
 a - a +2 great sword of flaming
 b - a +9 triple sword of distortion (weapon)
Missiles
 o - 23 javelins
 F - 14 silver boomerangs (quivered)
Armour
 c - +0 swamp dragon scales (worn)
 k - a +2 pair of gloves of archery (worn)
 w - a scarf of invisibility
 z - a +0 plate armour
 A - the +0 plate armour of Experimentation {rElec MR- Str+6 Dex-4}
   (You bought it in a shop on level 2 of the Orcish Mines)

   It affects your strength (+6).
   It affects your dexterity (-4).
   It insulates you from electricity.
   It affects your resistance to hostile enchantments.
 C - a +0 cloak
 K - a +2 scale mail of fire resistance
 N - a +1 pair of boots of flying (worn)
 S - a +0 tower shield (worn)
Jewellery
 h - an uncursed ring of fire
 t - a +4 ring of evasion (right hand)
 y - the ring of Joing (left hand) {MR+ Int+6}
   (You found it on level 4 of the Dungeon)

   [ring of intelligence]

   It affects your intelligence (+6).
   It affects your resistance to hostile enchantments.
 G - an amulet of guardian spirit (around neck)
 H - the ring "Bivvupsaupp" {+Fly rF- MR+ Int+3}
   (You found it in a Gauntlet)

   [ring of flight]

   It affects your intelligence (+3).
   It makes you vulnerable to fire.
   It affects your resistance to hostile enchantments.
   It lets you fly.
 R - an uncursed amulet of regeneration
 V - an uncursed ring of protection from cold
Wands
 d - a wand of disintegration (20)
 s - a wand of clouds (17)
 B - a wand of acid (9)
 D - a wand of digging (5)
 I - a wand of polymorph (13)
 X - a wand of paralysis (11)
Scrolls
 e - 4 scrolls of fear
 f - 6 scrolls of fog
 g - 19 scrolls of remove curse
 i - 5 scrolls of identify
 m - 9 scrolls of amnesia
 x - 4 scrolls of silence
 E - a scroll of summoning
 M - a scroll of magic mapping
 O - 7 scrolls of enchant armour
 U - 5 scrolls of immolation
Potions
 j - 5 potions of mutation
 l - 3 potions of heal wounds
 n - 7 potions of brilliance
 q - 2 potions of cancellation
 r - a potion of lignification
 u - a potion of magic
 v - 18 potions of curing
 J - 6 potions of might
 L - a potion of resistance
 Y - a potion of invisibility
 Z - 10 potions of ambrosia
Miscellaneous
 P - a lightning rod (4/4)
 Q - a tin of tremorstones (3/3)
 T - a phial of floods
 W - a phantom mirror


   Skills:
 + Level 16.4 Fighting
 * Level 18.5 Long Blades
 + Level 5.2 Throwing
 - Level 16.2 Armour
 - Level 8.0 Dodging
 + Level 9.0 Shields
 - Level 16.0 Invocations


You had 19 spell levels left.
You didn't know any spells.
Your spell library contained the following spells:

 Spells                   Type           Power        Failure   Level
 Apportation              Tloc           #.....       71%         1
 Corona                   Hex            #......      71%         1
 Foxfire                  Conj/Fire      #...         71%         1
 Freeze                   Ice            #...         71%         1
 Magic Dart               Conj           #...         71%         1
 Sting                    Tmut/Pois      #...         71%         1
 Call Imp                 Summ           #.......     83%         2
 Ensorcelled Hibernation  Hex/Ice        #.....       83%         2
 Passwall                 Tmut/Erth      #.......     83%         2
 Slow                     Hex            #.......     83%         2
 Confusing Touch          Hex            #.......     97%         3
 Conjure Flame            Conj/Fire      #.......     97%         3
 Dazzling Flash           Conj/Hex       #.....       97%         3
 Frozen Ramparts          Ice            #.....       97%         3
 Gell's Gravitas          Tloc           #.........   97%         3
 Ignite Poison            Fire/Tmut/Pois #.......     97%         3
 Lesser Beckoning         Tloc           #.........   97%         3
 Mephitic Cloud           Conj/Pois/Air  #.......     97%         3
 Ozocubu's Armour         Ice            #.......     97%         3
 Tukima's Dance           Hex            #.......     97%         3
 Hailstorm                Conj/Ice       #.......     100%        4
 Petrify                  Tmut/Erth      #.......     100%        4
 Sticky Flame             Conj/Fire      #.......     100%        4
 Summon Ice Beast         Ice/Summ       #.......     100%        4
 Summon Lightning Spire   Summ/Air       #.......     100%        4
 Alistair's Intoxication  Tmut/Pois      #........    100%        5
 Bolt of Magma            Conj/Fire/Erth #.........   100%        5
 Borgnjor's Vile Clutch   Necr/Erth      #.........   100%        5
 Fireball                 Conj/Fire      #.........   100%        5
 Metabolic Englaciation   Hex/Ice        #.........   100%        5
 Silence                  Hex/Air        #.........   100%        5
 Yara's Violent Unravell  Hex/Tmut       #.........   100%        5
 Conjure Ball Lightning   Conj/Air       #.........   100%        6
 Invisibility             Hex            #.......     100%        6
 Starburst                Conj/Fire      #.........   100%        6
 Ignition                 Fire           #.........   100%        8
 Tornado                  Air            #.........   100%        9
 Blink                    Tloc           Unusable     N/A         2

Dungeon Overview and Level Annotations

Branches:
Dungeon (15/15)            Temple (0/1) D:5            Lair (6/6) D:11
  Swamp (4/4) Lair:2        Snake (3/4) Lair:2        Slime (0/5) Lair:6
    Orc (2/2) D:11            Elf (0/3) Orc:2        Vaults (0/5) D:14
 Depths (0/5) D:15        Ossuary (visited)          Bailey (visited)
  IceCv (visited)         Gauntlet (visited)

Altars:
Cheibriados
Dithmenos
Fedhas
Gozag
Hepliaklqana
Kikubaaqudgha
Okawaru
Trog
Vehumet
Yredelemnul
Zin
The Shining One
Beogh
Jiyva

Shops:
Orc:2 ?[[(*[   Swamp:1 *

Portals:
Abyss: Lair:3
Bazaar: D:13
Trove: D:14 (give 5 scrolls of fear)

Annotations:
D:9 1 runed translucent door
D:11 3 runed translucent doors, wynaut's ghost, journeyman OpFi
D:13 bazar, 3 runed translucent doors, Gioread's ghost, journeyman TrMo
D:14 1 runed translucent door, Iqohoc's ghost, journeyman VSBe
Lair:3 2 transporters, Sygruoh's ghost, journeyman TeAE
Lair:4 rco shor sword, exclusion: 2 oklob plants
Snake:3 1 runed translucent door, corrupted, Asterion; Hainim's ghost, journeyman OpVM
Abyss:1 Frances; Rupert


Innate Abilities, Weirdness & Mutations

You cannot be hasted, slowed, berserked, paralysed or teleported.
You can dig through walls and to a lower floor.
Your four strong arms can wield two-handed weapons with a shield.
You have a pair of large antennae on your head. (SInv)
You are partially covered in rugged brown scales. (AC +1, +3% HP)
You are partially covered in yellow scales. (AC +2)


Message History

Asterion misses you. Asterion gores you.
* * * LOW HITPOINT WARNING * * *
The balrug gestures at you.
The sticky flame hits you but does no damage.
You are covered in liquid flames!
You hit Asterion but do no damage.
Space bends around Asterion.
Asterion is heavily wounded.
You are covered in liquid flames!
* * * LOW HITPOINT WARNING * * *
You block Asterion's attack. Asterion closely misses you.
You block the balrug's attack. Asterion blocks your attack.
Asterion is heavily wounded.
You are covered in liquid flames!
* * * LOW HITPOINT WARNING * * *
You block Asterion's attack. x2; You block the balrug's attack.
Asterion hits you with a +2 vorpal broad axe!
* * * LOW HITPOINT WARNING * * *
x2 Asterion gores you.
You die...

.....#...
###...#
....##...
##..#
...##....
##.######
>### ..#
#.##...# ##
.... #.##...#
.... #..#.<.#
#..##....##
#...2H..#
.......#@...#
#####....####
........#
........#
H.......##
####...# #...
#...


You could see Asterion (fast) and a balrug (summoned).

Vanquished Creatures
  Jorgrun (Orc:2)
  The ghost of samsoon the Warrior, an adept OgBe of Trog (Snake:1)
  2 thorn hunters
  6 nagarajas
  Aizul (Snake:2)
  A dire elephant (D:15)
  A minotaur (Gauntlet)
  2 green deaths (Swamp:4)
  A hell beast (Swamp:4)
  7 vault guards (D:14)
  23 hydras
  A catoblepas (Lair:6)
  2 ghost crabs
  5 anacondas
  8 naga warriors
  A centaur warrior (D:15)
  3 two-headed ogres
  15 death yaks
  A deep troll shaman (Lair:6)
  7 alligators
  A queen ant (Lair:4)
  A thrashing horror (Swamp:4)
  5 orc high priests (Orc:2)
  5 shock serpents
  Sonja (Orc:2)
  4 naga sharpshooters
  A salamander mystic (Snake:3)
  An unseen horror (D:13)
  10 swamp dragons
  A naga ritualist (Snake:1)
  A wolf spider zombie (D:15)
  Pikel (D:4)
  3 necromancers
  2 orc knights
  2 orc sorcerers (Orc:1)
  15 ugly things
  5 mana vipers
  4 deep elf magi
  2 manticores (D:14)
  6 salamanders
  5 cyclopes
  A wolf spider (D:15)
  30 black mambas
  4 guardian serpents
  6 elephants
  A torpor snail (Lair:2)
  24 cane toads
  14 naga magi
  A gargoyle (D:14)
  4 orange demons (Swamp:4)
  2 centaur skeletons
  7 komodo dragons
  A rime drake (Lair:3)
  A kobold demonologist (D:13)
  An efreet (D:12)
  A tengu conjurer (D:15)
  A queen bee (Lair:5)
  4 trolls
  9 tyrant leeches
  3 meliai (Lair:5)
  3 polar bears
  20 blink frogs
  13 hippogriffs
  2 hornets
  4 slime creatures (Swamp:4)
  9 bog bodies
  Sigmund (D:3)
  7 wyverns
  A spriggan (Swamp:3)
  4 shadows
  3 wraiths
  A vampire (D:14)
  A water elemental (D:13)
  Eustachio (D:4)
  36 yaks
  4 basilisks
  2 steam dragons
  A tyrant leech zombie (Swamp:4)
  A redback simulacrum (D:15)
  22 vampire mosquitoes
  14 swamp worms
  3 large abominations (Swamp:4)
  6 insubstantial wisps (Swamp:4)
  2 acid dragons
  31 nagas
  A warg (Orc:2)
  24 soldier ants
  Duvessa (D:5)
  5 porcupines
  27 water moccasins
  11 swamp drakes
  A meliai simulacrum (D:14)
  40 orc warriors
  3 sky beasts
  11 ice beasts
  2 black bears
  10 ogres
  A phantom (D:6)
  2 eyes of draining
  12 centaurs
  A swamp dragon zombie (Swamp:4)
  29 wolves
  16 crocodiles
  A lemure (D:4)
  18 bullfrogs
  2 wyvern zombies
  Dowan (D:5)
  3 scorpions
  21 killer bees
  14 wights
  2 electric eels (D:13)
  13 howler monkeys
  2 centaur zombies
  6 jellies
  3 bullfrog skeletons
  24 orc wizards
  34 orc priests
  8 hounds
  4 iguanas
  28 worker ants
  A killer bee zombie (D:9)
  3 hound skeletons
  3 mummies
  A worker ant zombie (D:9)
  12 adders
  10 gnolls
  4 shadow imps
  14 white imps
  An ufetubus (D:7)
  3 oozes
  3 adder zombies
  2 dart slugs
  7 leopard geckos
  105 orcs
  11 bats
  3 giant cockroaches
  A gnoll zombie (Ossuary)
  7 goblins
  12 hobgoblins
  17 jackals
  7 kobolds
  4 quokkas
  A ball python (D:6)
  11 frilled lizards
  2 goblin zombies (Ossuary)
  6 hobgoblin zombies
  2 jackal skeletons
  3 kobold zombies (Ossuary)
  A leopard gecko skeleton (D:4)
  2 orc zombies
  4 quokka zombies
  11 rats
  A rat zombie (Ossuary)
  A briar patch (Swamp:2)
1129 creatures vanquished.

Vanquished Creatures (others)
  Bai Suzhen (Snake:3)
  A nagaraja (Snake:2)
  An entropy weaver (Lair:4)
  2 death oozes (Swamp:4)
  3 hydras
  2 shambling mangroves
  A ghost crab (Swamp:4)
  A vault guard (D:14)
  5 naga warriors
  2 anacondas
  A two-headed ogre (D:10)
  A centaur warrior (D:14)
  3 alligators
  2 shock serpents
  5 naga sharpshooters
  A wretched star (Gauntlet)
  A flayed ghost (D:14)
  An orange crystal statue (Gauntlet)
  3 orc knights (Bailey)
  2 mana vipers
  A cyclops (D:14)
  2 ugly things
  A manticore (D:15)
  2 salamanders
  A centaur zombie (D:15)
  6 black mambas
  2 ice statues (IceCv)
  3 naga magi
  An orange demon (Swamp:4)
  4 cane toads
  A polar bear (Lair:5)
  3 tyrant leeches
  2 bog bodies (Swamp:4)
  A slime creature (Swamp:4)
  A centaur simulacrum (D:15)
  A wraith (D:14)
  2 vampire mosquitoes (Swamp:4)
  2 neqoxecs (Gauntlet)
  3 swamp worms
  2 spatial vortices (Gauntlet)
  An insubstantial wisp (Swamp:4)
  A naga (Snake:3)
  7 orc warriors
  A swamp drake (Swamp:2)
  A wolf (Gauntlet)
  An ogre (Orc:2)
  A komodo dragon zombie (Swamp:4)
  3 killer bees (D:7)
  A wight (D:8)
  An orc wizard (Orc:1)
  A mummy (Ossuary)
  2 orcs
  A goblin (D:2)
  A bat (D:2)
  2 bushes (Lair:6)
  9 fungi
  16 plants
  A withered plant (Snake:3)
131 creatures vanquished.

Grand Total: 1260 creatures vanquished

Notes
Turn   | Place    | Note
-------+----------+-------------------------------------------
     0 | Abyss:1  | mortelune the Formicid Abyssal Knight began the quest for
                  | the Orb.
     0 | Abyss:1  | Reached XP level 1. HP: 18/18 MP: 2/2
    91 | Abyss:1  | Noticed an ancient zyme
    92 | D:1      | Escaped the Abyss
   324 | D:1      | Reached XP level 2. HP: 20/24 MP: 3/3
   508 | D:1      | Reached * piety under Lugonu
   541 | D:1      | Reached XP level 3. HP: 28/29 MP: 4/4
  1480 | D:2      | Reached skill level 3 in Long Blades
  1638 | D:2      | Found a radiant altar of Vehumet.
  1646 | D:2      | Found a shadowy altar of Dithmenos.
  1674 | D:2      | Reached XP level 4. HP: 37/37 MP: 5/5
  1724 | D:2      | Found an iron altar of Okawaru.
  1725 | D:2      | Found a glowing silver altar of Zin.
  1793 | D:2      | Found a faded altar of an unknown god.
  2115 | D:2      | Reached ** piety under Lugonu
  2197 | D:2      | Found a basalt altar of Yredelemnul.
  2380 | D:3      | Noticed Sigmund
  2590 | D:4      | Reached skill level 1 in Shields
  2590 | D:4      | Reached XP level 5. HP: 35/42 MP: 6/6
  2744 | D:4      | Noticed Eustachio
  2805 | D:4      | Killed Eustachio
  2805 | D:4      | Reached skill level 4 in Long Blades
  2805 | D:4      | Reached XP level 6. HP: 32/49 MP: 7/7
  3093 | D:4      | Got a warped lead ring
  3100 | D:4      | Identified the ring of Joing {MR+ Int+6} (You found it on
                  | level 4 of the Dungeon)
  3148 | D:4      | Gained mutation: Your magical capacity is low. (-10% MP)
                  | [potion of mutation]
  3148 | D:4      | Lost mutation: Your magical capacity is low. (-10% MP)
                  | [potion of mutation]
  3148 | D:4      | Gained mutation: You possess an exceptional clarity of
                  | mind. [potion of mutation]
  3148 | D:4      | Gained mutation: You have large cloven feet. [potion of
                  | mutation]
  3228 | D:4      | Reached skill level 5 in Long Blades
  3574 | D:4      | Reached XP level 7. HP: 52/55 MP: 8/8
  3709 | D:4      | Reached skill level 5 in Fighting
  3785 | D:4      | Noticed Pikel
  3920 | D:4      | Killed Pikel
  3920 | D:4      | Reached skill level 6 in Long Blades
  3920 | D:4      | Reached XP level 8. HP: 19/64 MP: 9/9
  4319 | D:5      | Entered Level 5 of the Dungeon
  4441 | D:5      | Found a blossoming altar of Fedhas.
  4468 | D:5      | Noticed Dowan
  4468 | D:5      | Noticed Duvessa
  4518 | D:5      | Killed Duvessa
  4554 | D:5      | Killed Dowan
  4554 | D:5      | Reached skill level 7 in Long Blades
  4655 | D:5      | Reached skill level 5 in Shields
  4971 | D:5      | Found a snail-covered altar of Cheibriados.
  5111 | D:5      | Found a staircase to the Ecumenical Temple.
  5620 | D:6      | Reached XP level 9. HP: 65/71 MP: 10/10
  5712 | D:6      | Found an ancient bone altar of Kikubaaqudgha.
  5826 | D:6      | Reached skill level 8 in Long Blades
  6074 | D:6      | Found an opulent altar of Gozag.
  6186 | D:6      | Reached *** piety under Lugonu
  6860 | D:7      | Reached skill level 9 in Long Blades
  7761 | D:3      | Reached **** piety under Lugonu
  7859 | D:3      | Killed Sigmund
  8014 | D:8      | Reached XP level 10. HP: 72/80 MP: 12/12
  8247 | D:8      | Found a sand-covered staircase.
  8258 | Ossuary  | Entered an ossuary
  8528 | D:8      | Identified a scroll of acquirement
  8534 | D:8      | Acquired a +0 triple sword of electrocution
  9696 | D:9      | Found a flagged portal.
  9714 | D:9      | Reached skill level 10 in Long Blades
  9743 | D:9      | Reached skill level 5 in Invocations
  9745 | Bailey   | Entered a bailey
 10140 | Bailey   | Noticed an orc knight
 10142 | Bailey   | Banished an orc knight
 10151 | Bailey   | Noticed an orc knight
 10167 | Bailey   | Banished an orc knight
 10600 | Bailey   | Reached XP level 11. HP: 65/87 MP: 15/15
 10956 | Bailey   | Noticed an orc knight
 10962 | Bailey   | Banished an orc knight
 10962 | Bailey   | Reached skill level 11 in Long Blades
 11231 | D:9      | Found a glowing golden altar of the Shining One.
 11500 | D:9      | Found a runed translucent door.
 11500 | D:9      | Noticed a centaur warrior
 11500 | D:9      | Noticed a glowing orange brain
 11500 | D:9      | Noticed a fire dragon
 11502 | D:9      | Noticed a stone giant
 11502 | D:9      | Noticed a deep elf knight
 11502 | D:9      | Noticed a stone giant
 11502 | D:9      | Noticed an orc knight
 11502 | D:9      | Noticed a four-headed hydra
 11534 | D:9      | Found a bloodstained altar of Trog.
 12033 | D:10     | Entered Level 10 of the Dungeon
 12438 | D:10     | Noticed a two-headed ogre
 12439 | D:10     | Banished a two-headed ogre
 12567 | D:10     | Found a roughly hewn altar of Beogh.
 13094 | D:11     | Reached skill level 12 in Long Blades
 13198 | D:11     | Found a runed translucent gate.
 13199 | D:11     | Found a runed translucent gate.
 13200 | D:11     | Found a runed translucent gate.
 13482 | D:11     | Reached skill level 10 in Fighting
 13565 | D:11     | Reached XP level 12. HP: 97/97 MP: 16/18
 13755 | D:11     | Reached ***** piety under Lugonu
 13788 | D:11     | Found a staircase to the Orcish Mines.
 13854 | D:11     | Noticed a 12-headed hydra
 13855 | D:11     | Noticed wynaut's ghost (journeyman OpFi)
 13943 | D:11     | Reached skill level 5 in Armour
 14199 | D:11     | Found a staircase to the Lair.
 14502 | D:12     | Noticed a two-headed ogre
 14582 | Lair:1   | Entered Level 1 of the Lair of Beasts
 15098 | Lair:1   | Reached skill level 13 in Long Blades
 15892 | Lair:2   | Noticed a death yak
 15955 | Lair:2   | Killed a death yak
 15959 | Lair:2   | Reached XP level 13. HP: 101/106 MP: 20/20
 16047 | Lair:2   | Found a staircase to the Snake Pit.
 16098 | Lair:2   | Found a staircase to the Swamp.
 16493 | Lair:2   | You fall into a shaft and drop 2 floors!
 16496 | Lair:4   | Found a gate leading to a gauntlet.
 16528 | Gauntlet | Entered a Gauntlet
 16528 | Gauntlet | Found a transporter.
 16528 | Gauntlet | Found a transporter.
 16546 | Gauntlet | Found a transporter.
 16550 | Gauntlet | Found a transporter.
 16550 | Gauntlet | Found a transporter.
 16564 | Gauntlet | Found a transporter.
 16576 | Gauntlet | Found a transporter.
 16580 | Gauntlet | Found a transporter.
 16590 | Gauntlet | Found a transporter.
 16605 | Gauntlet | Found a runed translucent door.
 16606 | Gauntlet | Found a transporter.
 16607 | Gauntlet | Found a runed translucent door.
 16620 | Gauntlet | Found a transporter.
 16624 | Gauntlet | Found a transporter.
 16735 | Gauntlet | Corrupted Gauntlet
 16735 | Gauntlet | Noticed a starcursed mass
 16735 | Gauntlet | Noticed a starcursed mass
 16735 | Gauntlet | Noticed a deep elf sorcerer
 16835 | Gauntlet | Noticed a tentacled starspawn
 16916 | Gauntlet | Got a scintillating pewter ring
 16918 | Gauntlet | Identified the ring "Bivvupsaupp" {+Fly rF- MR+ Int+3} (You
                  | found it in a Gauntlet)
 16934 | Gauntlet | Identified the Reference Book on Earthen Venom
 16982 | Gauntlet | Noticed a minotaur
 16997 | Gauntlet | Killed a minotaur
 16997 | Gauntlet | Reached skill level 10 in Invocations
 17358 | Gauntlet | Identified the Grimoire of Vitriolic Flames
 17544 | Gauntlet | Reached skill level 14 in Long Blades
 17863 | Lair:2   | Noticed a six-headed hydra
 17875 | Lair:2   | Killed a two-headed hydra
 18230 | Lair:3   | Found a transporter.
 18232 | Lair:3   | Found a one-way gate to the infinite horrors of the Abyss.
 18232 | Lair:3   | Noticed Sygruoh's ghost (journeyman TeAE)
 18243 | Lair:3   | Identified the +4 trident "Poetwof" {distort, MR+++ Str-5
                  | Dex+2}
 18466 | Lair:3   | Found a transporter.
 18728 | Lair:3   | Noticed a five-headed hydra
 18736 | Lair:3   | Killed a one-headed hydra
 19120 | Lair:4   | Noticed a seven-headed hydra
 19317 | Lair:3   | Killed a three-headed hydra
 19612 | Lair:4   | Noticed an anaconda
 19626 | Lair:4   | Banished an anaconda
 19635 | Lair:3   | Reached XP level 14. HP: 63/114 MP: 18/22
 19952 | Lair:4   | Noticed an entropy weaver
 19962 | Lair:4   | Banished an entropy weaver
 20190 | Lair:4   | Noticed an entropy weaver
 20543 | Lair:4   | Reached skill level 15 in Long Blades
 20590 | Lair:4   | Banished an entropy weaver
 22084 | Lair:5   | Reached skill level 10 in Armour
 23538 | Lair:6   | Entered Level 6 of the Lair of Beasts
 23564 | Lair:5   | Reached ****** piety under Lugonu
 23571 | Lair:5   | Reached XP level 15. HP: 54/122 MP: 12/24
 24607 | Lair:6   | Found a runed translucent door.
 24816 | Lair:6   | Found a viscous altar of Jiyva.
 24824 | Lair:6   | Found a staircase to the Slime Pits.
 26268 | Lair:6   | Lost mutation: You possess an exceptional clarity of mind.
                  | [potion of mutation]
 26268 | Lair:6   | Lost mutation: You have large cloven feet. [potion of
                  | mutation]
 26268 | Lair:6   | Gained mutation: You are partially covered in rugged brown
                  | scales. (AC +1, +3% HP) [potion of mutation]
 26268 | Lair:6   | Gained mutation: You are partially covered in yellow
                  | scales. (AC +2) [potion of mutation]
 27550 | D:13     | Found a gateway to a bazaar.
 27620 | D:13     | Reached XP level 16. HP: 125/135 MP: 23/25
 27670 | D:13     | Reached skill level 16 in Long Blades
 28132 | D:13     | Found a hazy altar of Hepliaklqana.
 28331 | D:13     | Found a runed translucent gate.
 28332 | D:13     | Noticed Gioread's ghost (journeyman TrMo)
 28333 | D:13     | Found a runed translucent gate.
 28334 | D:13     | Found a runed translucent gate.
 28672 | D:14     | Found a gate to the Vaults.
 28719 | D:14     | Found a portal to a secret trove of treasure.
 28796 | D:14     | Found a frozen archway.
 28866 | IceCv    | Entered an ice cave
 28911 | IceCv    | Found a transporter.
 29119 | IceCv    | Corrupted IceCv
 29119 | IceCv    | Noticed a tentacled starspawn
 29124 | IceCv    | Noticed an Executioner
 29143 | IceCv    | Noticed a tentacled starspawn
 29266 | IceCv    | Found a transporter.
 29499 | D:14     | Reached skill level 1 in Dodging
 29665 | D:14     | Found a runed translucent door.
 29666 | D:14     | Noticed Iqohoc's ghost (journeyman VSBe)
 30633 | Orc:1    | Entered Level 1 of the Orcish Mines
 31067 | Orc:2    | Entered Level 2 of the Orcish Mines
 31067 | Orc:2    | Found Lizuf's Antique Armour Shop.
 31498 | Orc:1    | Identified a +6 triple sword of distortion (a +4 triple
                  | sword of protection corrupted by Lugonu)
 31498 | Orc:1    | Received a gift from Lugonu
 32380 | Orc:2    | Found Egrucwa's General Store.
 32383 | Orc:2    | Found Ijiel's Antique Armour Emporium.
 32384 | Orc:2    | Found Gujity's Armour Shoppe.
 32385 | Orc:2    | Found Cavik's Weapon Shoppe.
 32392 | Orc:2    | Bought a scroll of enchant weapon for 120 gold pieces
 32477 | Orc:2    | Noticed Sonja
 32487 | Orc:2    | Killed Sonja
 32975 | Orc:2    | Bought a smelly plate armour for 1064 gold pieces
 32985 | Orc:2    | Identified the +0 plate armour of Experimentation {rElec
                  | MR- Str+6 Dex-4} (You bought it in a shop on level 2 of the
                  | Orcish Mines)
 33033 | Orc:2    | Noticed Rupert
 33052 | Orc:2    | Banished Rupert
 33247 | Orc:2    | Found Wisch's Magic Scroll Shoppe.
 33270 | Orc:2    | Noticed Jorgrun
 33278 | Orc:2    | Killed Jorgrun
 33279 | Orc:2    | Reached XP level 17. HP: 78/144 MP: 19/27
 33554 | Orc:2    | Found a roughly hewn altar of Beogh.
 33558 | Orc:2    | Bought a scroll of summoning for 104 gold pieces
 33558 | Orc:2    | Bought a scroll of enchant weapon for 82 gold pieces
 33599 | Orc:2    | Found a staircase to the Elven Halls.
 33899 | D:15     | Entered Level 15 of the Dungeon
 34255 | D:15     | Found a staircase to the Depths.
 35333 | Swamp:1  | Entered Level 1 of the Swamp
 35520 | Swamp:1  | Found Tayf Mobor's Island Escapes.
 36216 | Swamp:2  | Noticed a thorn hunter
 36244 | Swamp:1  | Reached skill level 15 in Armour
 36380 | Swamp:2  | Killed a thorn hunter
 37187 | Swamp:2  | Reached XP level 18. HP: 152/152 MP: 28/28
 38010 | Swamp:3  | Reached skill level 15 in Fighting
 38694 | Swamp:4  | Entered Level 4 of the Swamp
 39047 | Swamp:4  | Reached skill level 17 in Long Blades
 39047 | Swamp:4  | Reached skill level 15 in Invocations
 39153 | Swamp:4  | Reached XP level 19. HP: 121/159 MP: 24/30
 41019 | Swamp:4  | Identified the +5 long sword of Somewhere Else {venom,
                  | Int+7} (You found it on level 4 of the Swamp)
 41404 | Swamp:4  | Got a decaying rune of Zot
 41594 | Snake:1  | Entered Level 1 of the Snake Pit
 42116 | Snake:1  | Noticed Frances
 42127 | Snake:1  | Reached skill level 1 in Throwing
 42156 | Snake:1  | Banished Frances
 42761 | Snake:1  | Found a runed translucent door.
 43414 | Snake:1  | Noticed samsoon's ghost (adept OgBe)
 43438 | Snake:1  | Killed samsoon's ghost
 44791 | Snake:2  | Reached XP level 20. HP: 154/168 MP: 30/32
 44953 | Snake:2  | Found the +2 hat of the Bear Spirit {Spirit, +Rage rN+
                  | MR++}
 45040 | Snake:2  | Reached skill level 18 in Long Blades
 46312 | Snake:3  | Noticed Aizul
 46561 | Snake:2  | Killed Aizul
 46907 | Snake:3  | Found a runed translucent door.
 46940 | Snake:3  | Noticed Bai Suzhen
 46944 | Snake:3  | Corrupted Snake:3
 46952 | Snake:3  | Killed Bai Suzhen
 47880 | Snake:3  | Reached skill level 5 in Throwing
 47895 | Snake:3  | Noticed Hainim's ghost (journeyman OpVM)
 48638 | Snake:3  | Noticed Asterion
 48928 | Snake:3  | HP: 4/170 [Asterion/+2 vorpal broad axe (14)]
 48928 | Snake:3  | HP: 1/170 [Asterion/+2 vorpal broad axe (3)]
 48928 | Snake:3  | Slain by Asterion

Illustrated notes

Levels and vault maps discovered:
D:1:      dpeg_arrival_concentric_ovals, layout_basic, nrook_uturn
D:2:      layout_loops_ring, fiery_altar_vehumet, overflow_temple_1_default,
          nicolae_overflow_hidden_temple, chequers_ecumenical_altar_simple
D:3:      layout_rooms, uniq_sigmund
D:4:      minmay_spotlight, layout_basic, hangedman_decor_opposing,
          uniq_eustachio, uniq_pikel
D:5:      layout_loops_corners, lemuel_crystal_altar, old_standard_altar,
          minmay_temple_entry_proselytizer, uniq_duvessa
D:6:      layout_loops_cross, grunt_gozag_breadcrumbs, kennysheep_mini_moat
D:7:      layout_basic
D:8:      layout_basic, nicolae_ossuary_entry_giza
D:9:      minmay_gate_of_8, layout_loops_cross, old_standard_altar,
          enter_bailey_2, trog_hazing_becter
D:10:     layout_grid_maze, david_defended_altar_orc
D:11:     layout_rooms, erik_lair_dragon, erik_orc_1, gammafunk_ghost_hydra_chop
D:12:     layout_big_octagon
D:13:     statuecave_lemuel, layout_basic, basic_altar,
          gammafunk_ghost_nasty_kobolds, serial_shops, statue_bzr,
          hangedman_abyss_or_decor_slice
D:14:     layout_irregular_city, erik_vaults_2, portal_ice_cave_entry_imps,
          ebering_ghost_inner_flame, nicolae_trove_entry_crystal
D:15:     hangedman_depths_entry_try_elsewhere_first, layout_basic,
          minmay_misc_feat_secret_circle, serial_park_tiny_pond
Lair:1:   layout_hall_layers
Lair:2:   layout_misc_corridors, minmay_swamp_entry_reptiles,
          minmay_snake_entry_guardpost_small
Lair:3:   layout_regular_city, gammafunk_ghost_abyssal_escape
Lair:4:   beast_lair_carwin_large_4, layout_regular_city,
          gauntlet_entry_generic, minivault_29, minmay_lair_oklob_chamber,
          grunt_megastairs_3
Lair:5:   layout_hall_layers, special_room [special_room_bee],
          infiniplex_staircase_pool, grunt_megastairs_5
Lair:6:   grunt_lair_end_beastmaster, layout_cave_shapes, slime_altar_2
Swamp:1:  layout_falls_marsh, evilmike_swamp_ruin_house_3,
          nicolae_island_escapes
Swamp:2:  layout_basic_swamp, nicolae_swamp_trees_clearing,
          nicolae_swamp_very_dense_foliage
Swamp:3:  layout_basic_swamp, nicolae_swamp_triple_paths,
          infiniplex_staircase_pool_2
Swamp:4:  swamp_vile, layout_basic_swamp, swamp_pool3,
          nicolae_swamp_necromancer_hut
Snake:1:  layout_concentric_octagons, ebering_ghost_inner_flame, uniq_frances
Snake:2:  layout_cave_shapes, grunt_megastairs_4
Snake:3:  nicolae_cobra_stairs, layout_misc_corridors, gammafunk_ghost_grave,
          uniq_bai_suzhen, uniq_aizul, uniq_asterion
Orc:1:    layout_caves, serial_shops
Orc:2:    st_orc_pillars, layout_caves, serial_shops, shop, shop, basic_altar,
          uniq_sonja, uniq_rupert, uniq_jorgrun

Skill      XL: |  1  2  3  4  5  6  7  8  9 10 11 12 13 14 15 16 17 18 19 20 |
---------------+-------------------------------------------------------------+-----
Long Blades    | 3 4 5 6 7 9 10 12 13 14 15 16 17 18 | 18.5
Fighting       | 4 5 6 7 8 10 11 12 13 14 15 16 | 16.4
Shields        | 1 2 4 5 7 8 9 |  9.0
Invocations    | 3 5 8 9 10 12 13 14 15 16 | 16.0
Armour         | 4 6 8 10 12 14 15 16 | 16.2
Dodging        | 3 6 7 8 |  8.0
Throwing       | 3 5 |  5.2

Action                   |  1- 3 |  4- 6 |  7- 9 | 10-12 | 13-15 | 16-18 | 19-21 || total
-------------------------+-------+-------+-------+-------+-------+-------+-------++-------
Melee: Falchion          |   147 |   190 |   446 |       |       |       |       ||   783
       Long sword        |       |       |    66 |    90 |       |       |       ||   156
       Triple sword      |       |       |       |   491 |   773 |   876 |   648 ||  2788
       Great sword       |       |       |       |       |   181 |    74 |    16 ||   271
Throw: Boomerang         |       |       |       |       |       |       |     8 ||     8
Invok: Depart the Abyss  |     1 |       |       |       |       |       |       ||     1
       Banish            |       |       |     2 |    13 |    14 |     6 |     3 ||    38
       Bend Space        |       |       |       |       |     1 |     1 |     1 ||     3
       Corrupt           |       |       |       |       |     1 |     1 |     1 ||     3
       Brand Weapon With |       |       |       |       |       |     1 |       ||     1
 Abil: Dig               |       |     2 |     1 |    10 |    18 |     5 |     6 ||    42
       Evoke Flight      |       |       |       |     4 |       |       |       ||     4
Evoke: Wand              |       |     2 |       |       |     1 |       |       ||     3
  Use: Scroll            |       |    12 |     2 |    17 |     9 |     8 |     5 ||    53
       Potion            |       |     1 |       |     1 |     9 |     1 |     2 ||    14
 Stab: Paralysed         |       |     7 |       |       |       |       |       ||     7
       Invisible         |       |       |       |       |     2 |       |       ||     2
       Petrified         |       |       |       |       |     7 |       |       ||     7
       Petrifying        |       |       |       |       |     1 |       |       ||     1
Armor: Ring mail         |     6 |       |   109 |    64 |       |       |       ||   179
       Chain mail        |   122 |   103 |       |       |       |       |       ||   225
       Plate armour      |       |    22 |    73 |       |       |   281 |       ||   376
       Scale mail        |       |       |       |   109 |    15 |       |       ||   124
       Swamp dragon scal |       |       |       |       |   407 |   233 |   181 ||   821
Dodge: Dodged            |    81 |    30 |   126 |   343 |   639 |   672 |   427 ||  2318
Block: Kite shield       |     5 |    67 |   234 |   376 |   809 |   717 |   396 ||  2604
       Reflection        |       |       |       |       |     3 |       |       ||     3
       Tower shield      |       |       |       |       |       |       |    11 ||    11
       Rpst.: Falchion   |    27 |    13 |    24 |       |       |       |       ||    64
       Long sword        |       |       |     8 |     8 |       |       |       ||    16
       Triple sword      |       |       |       |    92 |   134 |   134 |    84 ||   444
       Great sword       |       |       |       |       |    37 |    12 |     2 ||    51

Table legend: (Time is in decaauts)
 A = Elapsed time spent in this place.
 B = Non-inter-level travel time spent in this place.
 C = Inter-level travel time spent in this place.
 D = Time resting spent in this place.
 E = Time spent auto-exploring this place.
 F = Levels seen in this place.
 G = Mean time per level.
                   A        B        C        D        E       F      G
               +--------+--------+--------+--------+--------+-----+--------+
         Total |  49363 |  47518 |   1845 |  18567 |  18108 |  35 | 1410.4 |
       Dungeon |  18193 |  17124 |   1069 |   4112 |   8669 |  15 | 1212.9 |
          Lair |  10919 |  10507 |    412 |   4376 |   3759 |   6 | 1819.8 |
         Swamp |   6257 |   6041 |    216 |   2240 |   2675 |   4 | 1564.2 |
     Snake Pit |   7352 |   7313 |     39 |   4428 |   1644 |   3 | 2450.7 |
  Orcish Mines |   3143 |   3036 |    107 |   1490 |    909 |   2 | 1571.5 |
         Abyss |     92 |     92 |      0 |      0 |     82 |   1 |   92.0 |
       Ossuary |    265 |    265 |      0 |     77 |     64 |   1 |  265.0 |
        Bailey |   1409 |   1409 |      0 |   1179 |      0 |   1 | 1409.0 |
      Ice Cave |    560 |    560 |      0 |    189 |     44 |   1 |  560.0 |
      Gauntlet |   1169 |   1169 |      0 |    475 |    262 |   1 | 1169.0 |
               +--------+--------+--------+--------+--------+-----+--------+

Top non-repeatable levels by time:
 Snake:2: 3015 daAuts
  Lair:5: 2881 daAuts
 Snake:1: 2828 daAuts
 Swamp:4: 2646 daAuts
   Orc:2: 2229 daAuts
  Lair:4: 2170 daAuts
    D:11: 2147 daAuts
     D:4: 1997 daAuts
  Lair:6: 1735 daAuts
  Lair:3: 1640 daAuts
    D:14: 1614 daAuts
     D:7: 1545 daAuts
 Snake:3: 1508 daAuts
  Bailey: 1409 daAuts
     D:1: 1368 daAuts
